 Dungeon Crawl Stone Soup version 0.30.0-29-ga12c61a403 (webtiles) character file.

Game seed: 16990235279975603947

894 Pass3 the Vexing (level 8, -3/60 HPs)
             Began as a Gnoll Hexslinger on June 11, 2023.
             Slain by a black bear (6 damage)
             ... on level 5 of the Dungeon.
             The game lasted 00:47:14 (3947 turns).

Pass3 the Vexing (Gnoll Hexslinger)                 Turns: 3947, Time: 00:47:14

Health: -3/60      AC:  4    Str: 11    XL:     8   Next: 6%
Magic:  13/14      EV: 14    Int: 18    God:
Gold:   252        SH:  0    Dex: 14    Spells: 14/15 levels left

rFire   . . .        a - +0 triple crossbow
rCold   . . .        (shield currently unavailable)
rNeg    . . .        c - +0 robe
rPois   .            (no helmet)
rElec   .            (no cloak)
rCorr   .            e - +1 pair of gloves
SInv    .            (no boots)
Will    .....        h - amulet of regeneration
Stlth   ++           j - +6 ring of intelligence
HPRegen 1.10/turn    q - +4 ring of slaying
MPRegen 0.14/turn

%: no passive effects
@: no status effects
A: fangs 1, strong nose, distributed training
a: no special abilities


You were on level 5 of the Dungeon.
You visited 1 branch of the dungeon, and saw 5 of its levels.

You collected 252 gold pieces.

Inventory:

Hand Weapons
 a - a +0 triple crossbow (weapon)
Armour
 c - a +0 robe (worn)
 e - a +1 pair of gloves (worn)
Jewellery
 h - an amulet of regeneration (around neck)
 j - a +6 ring of intelligence (left hand)
 q - a +4 ring of slaying (right hand)
Scrolls
 b - a scroll of poison
 d - 2 scrolls of teleportation
 k - a scroll of amnesia {unknown}
 r - a scroll of fog
Potions
 f - a potion of resistance {unknown}
 g - 3 potions of curing
 i - 2 potions of lignification
 l - 2 potions of flight
 m - a potion of attraction {unknown}
 n - a potion of ambrosia {unknown}


   Skills:
 + Level 4.0 Fighting
 + Level 3.0 Short Blades
 + Level 3.0 Long Blades
 + Level 3.0 Axes
 + Level 3.0 Maces & Flails
 + Level 3.0 Polearms
 + Level 3.0 Staves
 + Level 5.5 Ranged Weapons
 + Level 3.0 Throwing
 + Level 3.0 Armour
 + Level 5.5 Dodging
 + Level 3.0 Stealth
 + Level 3.0 Shields
 + Level 3.0 Unarmed Combat
 + Level 4.2 Spellcasting
 + Level 2.4 Conjurations
 + Level 6.0 Hexes
 + Level 2.4 Summonings
 + Level 2.4 Necromancy
 + Level 2.4 Translocations
 + Level 2.4 Transmutations
 + Level 2.4 Fire Magic
 + Level 2.4 Ice Magic
 + Level 2.4 Air Magic
 + Level 2.4 Earth Magic
 + Level 2.4 Poison Magic
 + Level 3.3 Invocations
 + Level 3.0 Evocations


You had 14 spell levels left.
You knew the following spells:

 Your Spells              Type           Power      Damage    Failure   Level
a - Slow                  Hex            100%       N/A       1%          1

Your spell library contained the following spells:

 Spells                   Type           Power      Damage    Failure   Level
 Ensorcelled Hibernation  Hex/Ice        38%        N/A       3%          2
 Necrotise                Necr           48%        1d6       5%          1
 Passwall                 Tmut/Erth      10%        N/A       8%          2
 Dazzling Flash           Conj/Hex       38%        N/A       8%          3
 Inner Flame              Hex/Fire       19%        N/A       8%          3
 Portal Projectile        Hex/Tloc       38%        N/A       8%          3
 Cause Fear               Hex            12%        N/A       12%         4
 Swiftness                Air            12%        N/A       16%         3
 Vampiric Draining        Necr           12%        2d6       16%         3
 Manifold Assault         Tloc           12%        N/A       45%         4
 Silence                  Hex/Air        9%         N/A       56%         5
 Yara's Violent Unravell  Hex/Tmut       9%         3d6       56%         5
 Agony                    Necr           12%        N/A       82%         5
 Dispersal                Tloc           6%         N/A       100%        6
 Enfeeble                 Hex            12%        N/A       100%        7
 Disjunction              Tloc           6%         N/A       100%        8


Dungeon Overview and Level Annotations

Branches:
Dungeon (5/15)
 Temple: D:4-7

Altars:
Ashenzari


Innate Abilities, Weirdness & Mutations

You have very sharp teeth.
Your uncanny sense of smell can sniff out nearby items.
Your experience applies equally to all skills.


Message History

The black bear shakes off its lethargy.
The black bear goes berserk!
The black bear bites you but does no damage.
The black bear claws you but does no damage.
The black bear closely misses you.
Fire: a) +0 triple crossbow
Press: ? - help, Q - select action, (/) - cycle Shift-Dir - straight line, f/p - black bear
Aim: a black bear (severely wounded, berserk, 70% to hit)
You shoot a bolt.
The bolt completely misses the black bear.
The black bear bites you! The black bear closely misses you.
The black bear claws you. The black bear misses you.
The black bear completely misses you. The black bear closely misses you.
The black bear bites you!
The black bear claws you but does no damage.
The black bear claws you.
Casting: Slow (safe; 1% risk of failure)
Confirm with . or Enter, or press ? or * to list all spells.
Aiming: Slow (safe; 1% risk of failure)
Press: ? - help, Shift-Dir - straight line, f/p - black bear
Aim: a black bear (severely wounded, berserk, chance to affect: 56%)
The black bear seems to slow down.
The black bear bites you!
* * * LOW HITPOINT WARNING * * *
The black bear claws you.
* * * LOW HITPOINT WARNING * * *
The black bear barely misses you.
Fire: a) +0 triple crossbow
Press: ? - help, Q - select action, (/) - cycle Shift-Dir - straight line, f/p - black bear
Aim: a black bear (severely wounded, berserk, slow, 70% to hit)
You shoot a bolt.
The bolt completely misses the black bear.
The black bear closely misses you. The black bear claws you.
* * * LOW HITPOINT WARNING * * *
The black bear claws you.
* * * LOW HITPOINT WARNING * * *
The black bear closely misses you. x2; The black bear claws you.
* * * LOW HITPOINT WARNING * * *
You hear the slow rusting of a very distant drain.
The black bear attacks as you move away!
The black bear bites you.
You die...

#.# #.# #.# #.# #.#
##.## ##...## #
#.....#########.#####
#...........h@......#
#.....#########......
##...## ##### #####


You could see a black bear (berserk, slow).

Vanquished Creatures
  Sigmund (D:2)
  A black bear (D:4)
  2 phantoms (D:5)
  Blork the orc (D:4)
  2 hounds (D:4)
  A gnoll bouda (D:5)
  Ijyb (D:3)
  Natasha (thrice) (D:2)
  8 gnolls
  6 adders
  An adder zombie (D:2)
  An adder skeleton (D:2)
  2 worms (D:3)
  2 dart slugs
  8 orcs
  A bat skeleton (D:2)
  12 endoplasms
  2 giant cockroaches (D:2)
  2 goblins
  9 hobgoblins
  6 jackals
  3 quokkas
  2 training dummies (D:4)
  4 ball pythons
  A ball python zombie (D:2)
  5 bats
  A frilled lizard (D:1)
  A giant cockroach zombie (D:2)
  6 kobolds
  A quokka skeleton (D:2)
  3 rats
99 creatures vanquished.

Notes
Turn   | Place    | Note
-------+----------+-------------------------------------------
     0 | D:1      | Pass3 the Gnoll Hexslinger began the quest for the Orb.
     0 | D:1      | Reached XP level 1. HP: 17/17 MP: 4/4
   266 | D:1      | Found a faded altar of an unknown god.
   326 | D:1      | Reached XP level 2. HP: 20/23 MP: 3/5
  1348 | D:2      | Reached XP level 3. HP: 28/28 MP: 2/7
  1362 | D:2      | Reached skill level 1 in Invocations
  1480 | D:2      | Reached skill level 1 in Short Blades
  1480 | D:2      | Reached skill level 1 in Long Blades
  1480 | D:2      | Reached skill level 1 in Axes
  1480 | D:2      | Reached skill level 1 in Maces & Flails
  1480 | D:2      | Reached skill level 1 in Polearms
  1480 | D:2      | Reached skill level 1 in Staves
  1480 | D:2      | Reached skill level 1 in Throwing
  1480 | D:2      | Reached skill level 1 in Armour
  1480 | D:2      | Reached skill level 1 in Stealth
  1480 | D:2      | Reached skill level 1 in Shields
  1480 | D:2      | Reached skill level 1 in Unarmed Combat
  1480 | D:2      | Reached skill level 1 in Evocations
  1590 | D:2      | Reached XP level 4. HP: 34/34 MP: 8/8
  1655 | D:2      | Found a broken altar of Ashenzari.
  1725 | D:2      | Noticed Natasha
  1739 | D:2      | Killed Natasha
  1740 | D:2      | Reached skill level 1 in Conjurations
  1740 | D:2      | Reached skill level 1 in Summonings
  1740 | D:2      | Reached skill level 1 in Necromancy
  1740 | D:2      | Reached skill level 1 in Translocations
  1740 | D:2      | Reached skill level 1 in Transmutations
  1740 | D:2      | Reached skill level 1 in Fire Magic
  1740 | D:2      | Reached skill level 1 in Ice Magic
  1740 | D:2      | Reached skill level 1 in Air Magic
  1740 | D:2      | Reached skill level 1 in Earth Magic
  1740 | D:2      | Reached skill level 1 in Poison Magic
  1777 | D:2      | Identified the +4 dagger of Ascent {pain, rN+ Int+3}
  1829 | D:2      | Noticed Natasha
  1835 | D:2      | Killed Natasha
  1836 | D:2      | Reached XP level 5. HP: 40/40 MP: 7/9
  1836 | D:2      | Noticed Sigmund
  1843 | D:2      | Killed Sigmund
  1844 | D:2      | Reached skill level 5 in Ranged Weapons
  1844 | D:2      | Reached skill level 5 in Dodging
  1844 | D:2      | Reached XP level 6. HP: 37/47 MP: 8/11
  1856 | D:2      | You fall into a shaft and drop 1 floor!
  1909 | D:2      | Noticed Natasha
  1920 | D:2      | Killed Natasha
  2274 | D:3      | Noticed Ijyb
  2318 | D:3      | Killed Ijyb
  3236 | D:4      | Reached XP level 7. HP: 49/52 MP: 12/12
  3459 | D:4      | Noticed Blork the orc
  3465 | D:4      | Killed Blork the orc
  3865 | D:5      | Entered Level 5 of the Dungeon
  3921 | D:5      | Reached skill level 6 in Hexes
  3936 | D:5      | Reached XP level 8. HP: 47/60 MP: 14/14
  3945 | D:5      | HP: 2/60 [black bear (5)]
  3947 | D:5      | Slain by a black bear

Illustrated notes

Levels and vault maps discovered:
D:1:      sevenhm_arrival_forest_fort_small_1, layout_loops_corners,
          shapermc_ecumenical_altar_venn
D:2:      layout_basic, basic_altar, dilly_guarded_unrand_morg, uniq_sigmund
D:3:      layout_loops_ring, uniq_ijyb
D:4:      dreamdust_elfheim, layout_cave_pools, patterned_corridor,
          uniq_blork_the_orc
D:5:      layout_loops_ring, portal_sewer_entry_c, minmay_lizard_king

Skill      XL: |  1  2  3  4  5  6  7 |
---------------+----------------------+-----
Invocations    | 1 2 3 |  3.3
Short Blades   | 1 2 3 |  3.0
Long Blades    | 1 2 3 |  3.0
Axes           | 1 2 3 |  3.0
Maces & Flails | 1 2 3 |  3.0
Polearms       | 1 2 3 |  3.0
Staves         | 1 2 3 |  3.0
Throwing       | 1 2 3 |  3.0
Armour         | 1 2 3 |  3.0
Stealth        | 1 2 3 |  3.0
Shields        | 1 2 3 |  3.0
Unarmed Combat | 1 2 3 |  3.0
Evocations     | 1 2 3 |  3.0
Spellcasting   | 3 4 |  4.2
Conjurations   | 1 2 |  2.4
Summonings     | 1 2 |  2.4
Necromancy     | 1 2 |  2.4
Translocations | 1 2 |  2.4
Transmutations | 1 2 |  2.4
Fire Magic     | 1 2 |  2.4
Ice Magic      | 1 2 |  2.4
Air Magic      | 1 2 |  2.4
Earth Magic    | 1 2 |  2.4
Poison Magic   | 1 2 |  2.4
Fighting       | 3 4 |  4.0
Ranged Weapons | 5 |  5.5
Dodging        | 5 |  5.5
Hexes          | 6 |  6.0

Action                     |  1- 3 |  4- 6 |  7- 9 || total
---------------------------+-------+-------+-------++-------
  Melee: Short sword       |    30 |       |       ||    30
         Bite              |     5 |     3 |       ||     8
         Dagger            |       |    19 |       ||    19
   Fire: Sling             |    73 |       |       ||    73
         Triple crossbow   |    16 |   104 |    71 ||   191
   Cast: Slow              |    23 |    25 |    13 ||    61
    Use: Scroll            |     3 |     4 |     4 ||    11
 Armour: Robe              |    14 |    17 |    18 ||    49
  Dodge: Dodged            |    46 |    86 |    63 ||   195
